 Dungeon Crawl Stone Soup version 0.30-a0-174-gbc10bd73c2 (webtiles) character file.

Game seed: 11087878737962868774

60854 qw the Severer (level 15, -25/96 HPs)
             Began as a Gargoyle Fighter on Oct 1, 2022.
             Was a High Priest of Okawaru.
             Killed from afar by a hellephant (59 damage)
             ... with a blast of flame
             ... on level 3 of the Abyss.
             The game lasted 00:08:41 (20044 turns).

qw the Severer (Gargoyle Fighter)                  Turns: 20044, Time: 00:08:41

Health: -25/96     AC: 47    Str: 27    XL:     15   Next: 1%
Magic:  22/22      EV: 15    Int:  9    God:    Okawaru [*****.]
Gold:   1036       SH: 12    Dex: 13    Spells: 14/14 levels left

rFire   . . .      SeeInvis .    Y - +5 broad axe (freeze)
rCold   . . .      Faith    .    c - +0 buckler
rNeg    + . .      Spirit   .    w - +0 plate armour
rPois   inf        Reflect  +    A - +1 helmet of Words of Power {Dex+4}
rElec   +          Harm     .    p - +2 cloak
rCorr   .          Rampage  .    a - +2 pair of gloves {hurl}
Will    +....                    r - +2 pair of boots
Stlth   ..........               g - amulet of reflection
HPRegen 0.36/turn                k - +4 ring of evasion
MPRegen 0.18/turn                B - +4 ring of protection

@: about to teleport, heroic, flying
A: sickness immunity, AC +11, big wings, negative energy resistance 1,
electricity resistance, torment resistance 1, petrification resistance
a: Renounce Religion, Heroism, Finesse, Duel


You were on level 3 of the Abyss.
You worshipped Okawaru.
Okawaru was extremely pleased with you.
You visited 2 branches of the dungeon, and saw 19 of its levels.
You visited the Abyss 1 time.

You collected 1351 gold pieces.
You spent 315 gold pieces at shops.


Innate Abilities, Weirdness & Mutations

You are immune to sickness and miasma.
Your stone body is resilient. (AC +11)
You are immune to poison.
Your large and strong wings let you fly.
You resist negative energy. (rN+)
You are resistant to electric shocks. (rElec)
You are resistant to unholy torment.
You are immune to petrification.


   Skills:
 - Level 12.0(17.0) Fighting
 + Level 15.7(20.7) Axes
 - Level 6.0(11.0) Throwing
 - Level 12.0(17.0) Armour
 - Level 3.1(8.1) Dodging
 - Level 7.5(12.5) Shields
 - Level 10.0 Invocations


You had 14 spell levels left.
You didn't know any spells.
Your spell library was empty.

Inventory:

Hand Weapons
 o - a +1 demon whip of venom
 v - the +7 hand axe of Digira {spect, rPois rF++ SInv Stlth-}
   (You acquired it on level 6 of the Dungeon)

   When its wielder attacks, the weapon's spirit leaps out and strikes again.
   The spirit shares a part of any damage it takes with its wielder.
   rF:        It greatly protects you from fire.
   rPois:     It protects you from poison.
   SInv:      It lets you see invisible.
   Stlth:     It makes you less stealthy.
 Y - a +5 broad axe of freezing (weapon)
Missiles
 l - 6 boomerangs (quivered)
 s - 3 javelins
Armour
 a - a +2 pair of gloves of hurling (worn)
 c - a +0 buckler (worn)
 p - a +2 cloak (worn)
 r - a +2 pair of boots (worn)
 u - the +4 ring mail of Immorality {rCorr Stlth+}
   (Okawaru gifted it to you on level 1 of the Lair of Beasts)

   rCorr:     It protects you from acid and corrosion.
   Stlth:     It makes you more stealthy.
 w - a +0 plate armour (worn)
 A - the +1 helmet of Words of Power (worn) {Dex+4}
   (You acquired it on level 1 of the Lair of Beasts)

   Dex:       It affects your dexterity (+4).
Jewellery
 g - an amulet of reflection (around neck)
 k - a +4 ring of evasion (left hand)
 x - a ring of protection from cold
 y - a ring of protection from cold
 B - a +4 ring of protection (right hand)
Scrolls
 h - 10 scrolls of identify
 j - 4 scrolls of teleportation
Potions
 b - 2 potions of haste
 d - 2 potions of might
 e - 11 potions of curing
 f - 7 potions of lignification
 i - 2 potions of cancellation
 m - a potion of magic
 n - 3 potions of heal wounds
 q - a potion of attraction
 z - 2 potions of mutation

Dungeon Overview and Level Annotations

Branches:
Dungeon (14/15)            Temple (0/1) D:5            Lair (5/5) D:11
  Swamp (0/4) Lair:2       Spider (0/4) Lair:3        Slime (0/5) Lair:4
    Orc (0/2) D:12
 Vaults: D:13-14

Altars:
Ashenzari
Fedhas
Gozag
Kikubaaqudgha
Nemelex Xobeh
Okawaru
Sif Muna
Trog
Uskayaw
Vehumet
Wu Jian
Xom
Yredelemnul
The Shining One
Jiyva

Shops:
D:6 ?[   D:7 (

Annotations:
D:3 1 runed translucent door, Crazy Yiuf
D:7 3 runed translucent doors, qw's ghost, novice GrFi
D:12 4 runed translucent doors
D:14 Agnes
Lair:2 2 transporters, qw's ghost, journeyman GrFi
Lair:4 1 runed translucent door, qw's ghost, journeyman GrFi
Lair:5 1 runed translucent door


Message History

The hellephant gores you but does no damage.
You completely miss the hellephant.
The hellephant is lightly wounded.
The hellephant barely misses you. The hellephant misses you.
The hellephant gores you but does no damage.
You hit the hellephant. You freeze the hellephant.
The hellephant is moderately wounded.
The hellephant tramples you.
You are shoved backwards!
You slash the hellephant! You freeze the hellephant.
The hellephant is moderately wounded.
You slice the hellephant!! You freeze the hellephant!
The hellephant is heavily wounded.
You block the hellephant's attack.
The hellephant bites you but does no damage.
The hellephant gores you but does no damage.
You slice the hellephant!! You freeze the hellephant.
The hellephant is severely wounded.
You block the hellephant's attack.
The hellephant bites you but does no damage.
The hellephant gores you.
You slice the hellephant!! You freeze the hellephant!
The hellephant is almost dead.
You hit the hellephant. You freeze the hellephant.
The hellephant is almost dead.
The hellephant breathes flames at you. The blast of flame hits you!!!
Ouch! That really hurt!
20043 ||| READING 5 scrolls of teleportation.
As you read the scroll of teleportation, it crumbles to dust.
You feel strangely unstable.
You feel the power of the Abyss delaying your translocation!
The hellephant tramples you but does no damage.
The hellephant bites you but does no damage.
You block the hellephant's attack.
20044 ||| DRINKING 4 potions of heal wounds.
You feel much better. The hellephant breathes flames at you.
The blast of flame hits you!!!
Ouch! That really hurt!
You die...

..~~.#.# #
..#~~ ..#
.~~#~ ...#
.. ~.... ...
#...# ..
..#...######
#.....(....#
###Y# .. .#
#.@##.....
#. #.## .
.... .# #
....# #Y. #
##... . #
##.. # ##


You could see a hellephant (catching breath).

Vanquished Creatures
  A starcursed mass (Abyss:3)
  Snorg (Lair:4)
  A centaur warrior (D:13)
  6 hydras
  An anaconda (Lair:5)
  A catoblepas (Lair:5)
  2 boulder beetles
  A death knight (D:12)
  3 two-headed ogres
  Urug (D:11)
  Sonja (Lair:4)
  8 skeletal warriors
  Amaemon (D:7)
  A large abomination (Abyss:3)
  2 deep elf pyromancers
  A lindwurm (Lair:5)
  An ugly thing (D:13)
  12 elephants
  2 cyclopes
  A manticore (D:11)
  3 black mambas
  A smoke demon (Abyss:3)
  6 torpor snails (Lair:5)
  12 cane toads
  2 rime drakes (Lair:3)
  An unseen horror (D:11)
  An orange demon (D:8)
  7 komodo dragons
  2 freezing wraiths (D:12)
  A komodo dragon (shapeshifter) (D:13)
  5 kobold demonologists
  2 tengu conjurers (D:14)
  2 trolls (D:11)
  4 tyrant leeches (Lair:5)
  8 hornets
  Grinder (D:3)
  9 slime creatures
  Prince Ribbit (D:8)
  4 dream sheep (Lair:5)
  22 blink frogs
  Sigmund (D:3)
  A culicivora (Lair:3)
  A culicivora (shapeshifter) (D:13)
  A vampire (D:11)
  3 wraiths
  2 shadows
  Eustachio (D:6)
  5 wyverns
  18 yaks
  A redback (Lair:3)
  3 basilisks
  14 vampire mosquitoes
  A swamp worm (shapeshifter) (D:13)
  An acid dragon (D:9)
  12 water moccasins
  3 ice beasts
  2 sky beasts
  7 orc warriors
  A black bear (shapeshifter) (D:13)
  2 black bears
  20 wolves
  2 centaurs
  2 phantoms
  3 kobold brigands
  3 scorpions
  4 bullfrogs
  5 wights (D:9)
  12 killer bees
  5 electric eels
  4 howler monkeys
  3 jellies
  3 lava snakes (Lair:5)
  11 orc priests
  2 hounds
  7 iguanas
  Jessica (D:3)
  Ijyb (D:3)
  12 orc wizards
  11 hell rats
  Robin (D:3)
  4 gnolls (D:3)
  10 adders
  2 river rats (D:4)
  A white imp (D:7)
  3 ufetubi
  3 dart slugs
  4 worms
  39 orcs
  8 endoplasms
  16 goblins
  9 hobgoblins
  5 jackals
  20 kobolds
  2 quokkas
  9 ball pythons
  3 bats
  4 frilled lizards
  13 rats
489 creatures vanquished.

Vanquished Creatures (others)
  An orc wizard (D:4)
  35 fungi
  35 plants
71 creatures vanquished.

Grand Total: 560 creatures vanquished

Notes
Turn   | Place    | Note
-------+----------+-------------------------------------------
     0 | D:1      | qw the Gargoyle Fighter began the quest for the Orb.
     0 | D:1      | Reached XP level 1. HP: 14/14 MP: 1/1
     0 | D:1      | 0 ||| qw: Version: 0.2-a-13-gfc7b4b4
     0 | D:1      | 0 ||| qw: Game counter: 1844
     0 | D:1      | 0 ||| qw: Always use a shield: true
     0 | D:1      | 0 ||| qw: God list: Okawaru
     0 | D:1      | 0 ||| qw: Allow faded altars: false
     0 | D:1      | 0 ||| qw: Do Orc after D:15 true
     0 | D:1      | 0 ||| qw: Do second Lair branch before Depths: true
     0 | D:1      | 0 ||| qw: Lair rune preference: random
     0 | D:1      | 0 ||| qw: Plans: Normal, Zot:1-4, God:TSO, Crypt, Tomb,
                  | Pan, Slime:5, Hells, Abyss, Orb
     0 | D:1      | 0 ||| PLANNING D:1-11
    62 | D:1      | Reached skill level 2 in Axes
   232 | D:1      | Reached XP level 2. HP: 19/19 MP: 2/2
   261 | D:1      | 261 ||| Stepping ~*~*~tactically~*~*~ (stealth).
   293 | D:1      | Found a faded altar of an unknown god.
   428 | D:1      | 428 ||| Stepping ~*~*~tactically~*~*~ (hiding).
   680 | D:1      | 680 ||| READING scroll labelled RIV GIPSUU.
   681 | D:1      | 681 ||| READING scroll labelled ELUNOAPHIM.
   681 | D:1      | Identified a scroll of acquirement
   681 | D:1      | 681 ||| ACQUIRING +0 pair of gloves of hurling
   681 | D:1      | Acquired a +0 pair of gloves of hurling
   683 | D:1      | 683 ||| UPGRADING to +0 pair of gloves of hurling.
   688 | D:1      | 688 ||| READING 2 scrolls labelled YPNYUS RYUL.
   689 | D:1      | 689 ||| READING scroll of enchant armour.
   689 | D:1      | 689 ||| ENCHANTING +0 pair of gloves of hurling.
   690 | D:1      | 690 ||| READING scroll labelled XECHEG KUGHYBO.
   691 | D:1      | 691 ||| DRINKING 2 fizzy emerald potions.
   750 | D:2      | Reached skill level 3 in Axes
   787 | D:2      | Reached XP level 3. HP: 23/23 MP: 3/3
   809 | D:2      | 809 ||| READING scroll of enchant armour.
   809 | D:2      | 809 ||| ENCHANTING +1 pair of gloves of hurling.
   825 | D:2      | Found an iron altar of Okawaru.
   826 | D:2      | 826 ||| PLANNING OKAWARU WORSHIP
   833 | D:2      | Became a worshipper of Warmaster Okawaru
   834 | D:2      | 834 ||| PLANNING D:1-11
   867 | D:2      | 867 ||| Stepping ~*~*~tactically~*~*~ (hiding).
   871 | D:2      | 871 ||| Stepping ~*~*~tactically~*~*~ (hiding).
   909 | D:2      | 909 ||| Stepping ~*~*~tactically~*~*~ (hiding).
   912 | D:2      | 912 ||| Stepping ~*~*~tactically~*~*~ (hiding).
   968 | D:2      | Identified the ring "Nuym" {rElec Will+}
   979 | D:2      | 979 ||| Stepping ~*~*~tactically~*~*~ (hiding).
  1007 | D:2      | You fall into a shaft and drop 2 floors!
  1016 | D:4      | 1016 ||| PLANNING SEWER
  1208 | D:4      | Reached XP level 4. HP: 28/28 MP: 4/4
  1224 | D:4      | Noticed an ice beast
  1227 | D:4      | Reached skill level 4 in Axes
  1227 | D:4      | 1227 ||| FLEEEEING.
  1228 | D:4      | 1228 ||| FLEEEEING.
  1229 | D:4      | 1229 ||| FLEEEEING.
  1230 | D:4      | 1230 ||| FLEEEEING.
  1231 | D:4      | 1231 ||| FLEEEEING.
  1232 | D:4      | 1232 ||| FLEEEEING.
  1233 | D:4      | 1233 ||| FLEEEEING.
  1234 | D:4      | 1234 ||| FLEEEEING.
  1235 | D:4      | 1235 ||| FLEEEEING.
  1236 | D:4      | 1236 ||| FLEEEEING.
  1237 | D:4      | 1237 ||| FLEEEEING.
  1238 | D:4      | 1238 ||| FLEEEEING.
  1239 | D:4      | 1239 ||| FLEEEEING.
  1240 | D:4      | 1240 ||| FLEEEEING.
  1241 | D:4      | 1241 ||| FLEEEEING.
  1242 | D:4      | 1242 ||| FLEEEEING.
  1243 | D:4      | 1243 ||| FLEEEEING.
  1244 | D:4      | 1244 ||| FLEEEEING.
  1245 | D:4      | 1245 ||| FLEEEEING.
  1246 | D:4      | 1246 ||| FLEEEEING.
  1247 | D:4      | 1247 ||| FLEEEEING.
  1262 | D:4      | Killed an ice beast
  1263 | D:4      | Reached skill level 5 in Axes
  1263 | D:4      | Reached XP level 5. HP: 21/32 MP: 5/5
  1340 | D:4      | Noticed a phantom
  1359 | D:4      | Killed a phantom
  1359 | D:4      | Reached * piety under Okawaru
  1360 | D:4      | Reached XP level 6. HP: 37/39 MP: 6/6
  1415 | D:4      | Found a shimmering altar of Xom.
  1478 | D:4      | 1478 ||| Stepping ~*~*~tactically~*~*~ (stealth).
  1555 | D:4      | 1555 ||| Stepping ~*~*~tactically~*~*~ (stealth).
  1562 | D:4      | Found a shimmering blue altar of Sif Muna.
  1571 | D:4      | 1571 ||| INVOKING Heroism.
  1581 | D:4      | 1581 ||| FLEEEEING.
  1683 | D:4      | 1683 ||| RIP SEWER
  1684 | D:4      | 1684 ||| PLANNING D:1-11
  1688 | D:4      | 1688 ||| Invisible monster not found???
  1688 | D:4      | 1688 ||| UPGRADING to +0 chain mail.
  1698 | D:4      | 1698 ||| DROPPING +0 scale mail.
  1699 | D:4      | 1699 ||| UPGRADING to +0 pair of boots.
  1704 | D:4      | 1704 ||| UPGRADING to ring "Nuym" {rElec Will+}.
  1705 | D:4      | 1705 ||| READING scroll labelled CYPSAZX WEGHO.
  1806 | D:4      | 1806 ||| READING scroll labelled ASUL QOTOH.
  1807 | D:4      | 1807 ||| READING scroll labelled TUUPUE XEGUGOD.
  1808 | D:4      | 1808 ||| READING scroll labelled LYDIUGAIDI.
  1809 | D:4      | 1809 ||| DROPPING +0 club.
  1810 | D:4      | 1810 ||| READING scroll labelled KAIRIOT PUW.
  1811 | D:4      | 1811 ||| READING scroll labelled ROIMOU VEHETAS.
  1812 | D:4      | 1812 ||| DRINKING 2 fizzy golden potions.
  1862 | D:4      | 1862 ||| READING 2 scrolls of identify.
  1862 | D:4      | 1862 ||| IDENTIFYING fuming amethyst potion
  1863 | D:4      | 1863 ||| DROPPING potion of degeneration.
  1882 | D:4      | Noticed a black bear
  1883 | D:4      | 1883 ||| FLEEEEING.
  1884 | D:4      | 1884 ||| FLEEEEING.
  1885 | D:4      | 1885 ||| STAIRDANCE
  1886 | D:3      | Noticed Robin
  1887 | D:3      | 1887 ||| INVOKING Heroism.
  1891 | D:3      | Killed Robin
  1918 | D:3      | Noticed Ijyb
  1919 | D:3      | 1919 ||| INVOKING Heroism.
  1922 | D:3      | Killed Ijyb
  1923 | D:3      | Reached skill level 1 in Invocations
  1953 | D:3      | Noticed Grinder
  1954 | D:3      | 1954 ||| INVOKING Heroism.
  1954 | D:3      | Paralysed by Grinder for 4 turns
  1961 | D:3      | Killed Grinder
  1961 | D:3      | Reached ** piety under Okawaru
  1962 | D:3      | Reached skill level 3 in Invocations
  1962 | D:3      | Reached XP level 7. HP: 44/44 MP: 4/9
  2054 | D:3      | 2054 ||| INVOKING Heroism.
  2068 | D:3      | 2068 ||| INVOKING Heroism.
  2357 | D:3      | 2357 ||| UPGRADING to +0 helmet.
  2362 | D:3      | 2362 ||| READING scroll labelled BEUMNI VOSOTIO.
  2367 | D:3      | 2367 ||| FLEEEEING.
  2367 | D:3      | Found a glowing golden altar of the Shining One.
  2368 | D:3      | 2368 ||| FLEEEEING.
  2369 | D:3      | 2369 ||| STAIRDANCE
  2395 | D:2      | 2395 ||| Stepping ~*~*~tactically~*~*~ (stealth).
  2399 | D:2      | 2399 ||| Stepping ~*~*~tactically~*~*~ (stealth).
  2656 | D:3      | Noticed Sigmund
  2657 | D:3      | 2657 ||| INVOKING Heroism.
  2661 | D:3      | Reached skill level 6 in Axes
  2672 | D:3      | Killed Sigmund
  2673 | D:3      | Reached skill level 1 in Dodging
  2684 | D:3      | Noticed Jessica
  2688 | D:3      | Killed Jessica
  2698 | D:3      | 2698 ||| Stepping ~*~*~tactically~*~*~ (stealth).
  2699 | D:3      | 2699 ||| Stepping ~*~*~tactically~*~*~ (stealth).
  2715 | D:3      | 2715 ||| READING scroll of enchant weapon.
  2715 | D:3      | 2715 ||| ENCHANTING +1 war axe of flaming.
  2820 | D:3      | Found an ancient bone altar of Kikubaaqudgha.
  2882 | D:3      | 2882 ||| Stepping ~*~*~tactically~*~*~ (stealth).
  2883 | D:3      | 2883 ||| INVOKING Heroism.
  2929 | D:3      | 2929 ||| READING scroll of brand weapon.
  2929 | D:3      | 2929 ||| BRANDING +2 war axe of flaming.
  3099 | D:3      | Found a runed translucent door.
  3100 | D:3      | Noticed Crazy Yiuf
  3473 | D:3      | 3473 ||| DROPPING +0 club.
  3474 | D:3      | 3474 ||| DRINKING 2 fizzy clear potions.
  3561 | D:4      | 3561 ||| INVOKING Heroism.
  3570 | D:4      | Reached XP level 8. HP: 46/48 MP: 9/11
  3642 | D:4      | Found an ornate altar of the Wu Jian Council.
  3652 | D:4      | Found a broken altar of Ashenzari.
  3718 | D:4      | Reached skill level 7 in Axes
  3719 | D:4      | 3719 ||| INVOKING Heroism.
  3946 | D:4      | 3946 ||| FLEEEEING.
  4020 | D:4      | 4020 ||| READING 2 scrolls of identify.
  4020 | D:4      | 4020 ||| IDENTIFYING grey potion
  4021 | D:4      | 4021 ||| DROPPING potion of berserk rage.
  4065 | D:5      | Entered Level 5 of the Dungeon
  4083 | D:5      | Found a blossoming altar of Fedhas.
  4088 | D:5      | Found a radiant altar of Vehumet.
  4093 | D:5      | Found a hide-covered altar of Uskayaw.
  4149 | D:5      | 4149 ||| INVOKING Heroism.
  4240 | D:5      | 4240 ||| INVOKING Heroism.
  4287 | D:5      | 4287 ||| INVOKING Heroism.
  4417 | D:5      | Reached *** piety under Okawaru
  4435 | D:5      | 4435 ||| INVOKING Heroism.
  4438 | D:5      | Reached skill level 1 in Throwing
  4454 | D:5      | 4454 ||| READING scroll of brand weapon.
  4454 | D:5      | 4454 ||| BRANDING +2 war axe of protection.
  4474 | D:5      | Found a staircase to the Ecumenical Temple.
  4555 | D:5      | 4555 ||| Stepping ~*~*~tactically~*~*~ (hiding).
  4684 | D:5      | Reached skill level 8 in Axes
  4701 | D:5      | Reached XP level 9. HP: 54/54 MP: 12/12
  5102 | D:5      | 5102 ||| READING scroll labelled MUDUFI XARYTEO.
  5103 | D:5      | 5103 ||| READING 2 scrolls of identify.
  5103 | D:5      | 5103 ||| IDENTIFYING fizzy amethyst potion
  5104 | D:5      | 5104 ||| DROPPING potion of ambrosia.
  5167 | D:6      | Noticed Eustachio
  5168 | D:6      | 5168 ||| INVOKING Heroism.
  5174 | D:6      | Killed Eustachio
  5175 | D:6      | Reached skill level 6 in Fighting
  5221 | D:6      | 5221 ||| Stepping ~*~*~tactically~*~*~ (stealth).
  5327 | D:6      | Found Wephimpu's Antique Armour Shoppe.
  5330 | D:6      | 5330 ||| SHOPLISTING runed plate armour (780 gold, have
                  | 350).
  5330 | D:6      | 5330 ||| BUYING shiny scale mail (210 gold).
  5330 | D:6      | Bought a shiny scale mail for 210 gold pieces
  5330 | D:6      | 5330 ||| SHOPLISTING warped scale mail (270 gold, have
                  | 140).
  5376 | D:6      | 5376 ||| INVOKING Heroism.
  5449 | D:6      | Found Goen Ziq's Magic Scroll Boutique.
  5455 | D:6      | 5455 ||| BUYING scroll of identify (30 gold).
  5455 | D:6      | Bought a scroll of identify for 30 gold pieces
  5455 | D:6      | 5455 ||| BUYING scroll of identify (30 gold).
  5455 | D:6      | Bought a scroll of identify for 30 gold pieces
  5455 | D:6      | 5455 ||| BUYING scroll of teleportation (45 gold).
  5455 | D:6      | Bought a scroll of teleportation for 45 gold pieces
  5466 | D:6      | 5466 ||| Stepping ~*~*~tactically~*~*~ (stealth).
  5637 | D:6      | Found a sparkling altar of Nemelex Xobeh.
  5683 | D:6      | 5683 ||| INVOKING Heroism.
  5690 | D:6      | Reached skill level 9 in Axes
  5814 | D:6      | 5814 ||| READING scroll of acquirement.
  5814 | D:6      | 5814 ||| ACQUIRING +7 hand axe of Digira {spect, rPois rF++
                  | SInv Stlth-}
  5814 | D:6      | Acquired the +7 hand axe of Digira {spect, rPois rF++ SInv
                  | Stlth-}
  5816 | D:6      | 5816 ||| SWAPPING to +7 hand axe of Digira {spect, rPois
                  | rF++ SInv Stlth-}.
  5821 | D:6      | 5821 ||| Stepping ~*~*~tactically~*~*~ (stealth).
  5823 | D:6      | 5823 ||| INVOKING Heroism.
  5844 | D:6      | 5844 ||| DROPPING +0 flail.
  6087 | D:6      | 6087 ||| UPGRADING to +2 helmet.
  6097 | D:6      | 6097 ||| DROPPING +0 helmet.
  6098 | D:6      | 6098 ||| UPGRADING to ring of protection from cold.
  6099 | D:6      | 6099 ||| READING scroll labelled NATOPUUGGU.
  6100 | D:6      | 6100 ||| READING 3 scrolls of identify.
  6100 | D:6      | 6100 ||| IDENTIFYING clear potion
  6101 | D:6      | 6101 ||| READING 2 scrolls of identify.
  6101 | D:6      | 6101 ||| IDENTIFYING fuming red potion
  6102 | D:6      | 6102 ||| DROPPING potion of invisibility.
  6223 | D:7      | Found a runed translucent gate.
  6223 | D:7      | Found a runed translucent gate.
  6223 | D:7      | Found a runed translucent gate.
  6226 | D:7      | Noticed a spectral unseen horror
  6226 | D:7      | Noticed qw's ghost (novice GrFi)
  6363 | D:7      | 6363 ||| INVOKING Heroism.
  6364 | D:7      | 6364 ||| Stepping ~*~*~tactically~*~*~ (hiding).
  6384 | D:7      | 6384 ||| READING scroll of enchant armour.
  6384 | D:7      | 6384 ||| ENCHANTING +0 pair of boots.
  6385 | D:7      | Found Ysocyef's Antique Weapon Boutique.
  6395 | D:7      | 6395 ||| INVOKING Heroism.
  6452 | D:7      | Found a basalt altar of Yredelemnul.
  6492 | D:7      | 6492 ||| Stepping ~*~*~tactically~*~*~ (stealth).
  6501 | D:7      | 6501 ||| Stepping ~*~*~tactically~*~*~ (stealth).
  6502 | D:7      | 6502 ||| Stepping ~*~*~tactically~*~*~ (stealth).
  6504 | D:7      | 6504 ||| Stepping ~*~*~tactically~*~*~ (stealth).
  6551 | D:7      | 6551 ||| INVOKING Heroism.
  6661 | D:7      | 6661 ||| UPGRADING to +4 ring of evasion.
  6663 | D:7      | 6663 ||| READING 2 scrolls of identify.
  6663 | D:7      | 6663 ||| IDENTIFYING smoky sapphire potion
  6681 | D:8      | 6681 ||| STAIRDANCE
  6714 | D:8      | Noticed Amaemon
  6715 | D:8      | 6715 ||| STAIRDANCE
  6750 | D:8      | 6750 ||| STAIRDANCE
  6786 | D:8      | 6786 ||| INVOKING Heroism.
  6787 | D:8      | 6787 ||| STAIRDANCE
  6797 | D:7      | Killed Amaemon
  6797 | D:7      | Reached **** piety under Okawaru
  6798 | D:7      | Reached skill level 10 in Axes
  6798 | D:7      | Reached XP level 10. HP: 59/63 MP: 11/13
  6814 | D:7      | 6814 ||| DROPPING +2 vampiric whip.
  6846 | D:8      | 6846 ||| STAIRDANCE
  6880 | D:8      | 6880 ||| STAIRDANCE
  6951 | D:8      | 6951 ||| Stepping ~*~*~tactically~*~*~ (stealth).
  6952 | D:8      | 6952 ||| Stepping ~*~*~tactically~*~*~ (stealth).
  6991 | D:8      | 6991 ||| INVOKING Heroism.
  6992 | D:8      | Noticed an orange demon
  6999 | D:8      | Killed an orange demon
  7023 | D:8      | Noticed Prince Ribbit
  7027 | D:8      | Killed Prince Ribbit
  7028 | D:8      | Reached skill level 6 in Armour
  7508 | D:8      | 7508 ||| INVOKING Heroism.
  7751 | D:9      | 7751 ||| INVOKING Heroism.
  7855 | D:9      | 7855 ||| Stepping ~*~*~tactically~*~*~ (hiding).
  7864 | D:9      | Reached skill level 6 in Invocations
  8042 | D:9      | 8042 ||| INVOKING Heroism.
  8084 | D:9      | Found an opulent altar of Gozag.
  8114 | D:9      | 8114 ||| Stepping ~*~*~tactically~*~*~ (stealth).
  8115 | D:9      | 8115 ||| Stepping ~*~*~tactically~*~*~ (stealth).
  8276 | D:9      | 8276 ||| INVOKING Heroism.
  8379 | D:9      | 8379 ||| Stepping ~*~*~tactically~*~*~ (stealth).
  8535 | D:9      | 8535 ||| DROPPING +0 scale mail of cold resistance.
  8536 | D:9      | 8536 ||| UPGRADING to +0 plate armour.
  8546 | D:9      | 8546 ||| DROPPING +0 chain mail.
  8547 | D:9      | 8547 ||| READING 2 scrolls of identify.
  8547 | D:9      | 8547 ||| IDENTIFYING fizzy yellow potion
  8565 | D:10     | Entered Level 10 of the Dungeon
  8615 | D:10     | Reached ***** piety under Okawaru
  8750 | D:10     | 8750 ||| INVOKING Heroism.
  8761 | D:10     | 8761 ||| Stepping ~*~*~tactically~*~*~ (stealth).
  8764 | D:10     | 8764 ||| Stepping ~*~*~tactically~*~*~ (stealth).
  8812 | D:10     | 8812 ||| READING scroll of enchant armour.
  8812 | D:10     | 8812 ||| ENCHANTING +1 pair of boots.
  9093 | D:10     | Reached XP level 11. HP: 68/68 MP: 16/16
  9271 | D:10     | 9271 ||| INVOKING Heroism.
  9301 | D:10     | 9301 ||| INVOKING Heroism.
  9336 | D:10     | 9336 ||| INVOKING Heroism.
  9379 | D:10     | 9379 ||| INVOKING Heroism.
  9428 | D:10     | 9428 ||| INVOKING Heroism.
  9443 | D:10     | 9443 ||| INVOKING Heroism.
  9456 | D:10     | HP: 16/68 [centaur/arrow (12)]
  9457 | D:10     | 9457 ||| READING 4 scrolls of teleportation.
  9458 | D:10     | 9458 ||| DRINKING potion of heal wounds.
  9608 | D:10     | 9608 ||| INVOKING Heroism.
  9647 | D:10     | HP: 16/68 [centaur/arrow (5)]
  9648 | D:10     | 9648 ||| READING 3 scrolls of teleportation.
  9649 | D:10     | 9649 ||| INVOKING Heroism.
  9833 | D:10     | 9833 ||| UPGRADING to amulet of the acrobat.
  9838 | D:10     | 9838 ||| READING scroll labelled XITWAEG WITUK.
  9839 | D:10     | 9839 ||| READING 2 scrolls of identify.
  9839 | D:10     | 9839 ||| IDENTIFYING cyan potion
  9840 | D:10     | 9840 ||| DROPPING potion of brilliance.
  9862 | D:11     | 9862 ||| INVOKING Heroism.
  9883 | D:11     | 9883 ||| STAIRDANCE
  9983 | D:11     | Noticed a deep elf pyromancer
  9993 | D:11     | Killed a deep elf pyromancer
 10006 | D:11     | Noticed a cyclops
 10007 | D:11     | 10007 ||| INVOKING Heroism.
 10016 | D:11     | Killed a cyclops
 10074 | D:11     | Reached skill level 9 in Invocations
 10131 | D:11     | 10131 ||| INVOKING Heroism.
 10216 | D:11     | Found a staircase to the Lair.
 10235 | D:11     | Noticed a manticore
 10236 | D:11     | 10236 ||| INVOKING Heroism.
 10241 | D:11     | Killed a manticore
 10357 | D:11     | 10357 ||| Stepping ~*~*~tactically~*~*~ (stealth).
 10360 | D:11     | 10360 ||| INVOKING Heroism.
 10366 | D:11     | Reached skill level 11 in Axes
 10454 | D:11     | Noticed Urug
 10455 | D:11     | 10455 ||| INVOKING Heroism.
 10456 | D:11     | 10456 ||| INVOKING Finesse.
 10474 | D:11     | Killed Urug
 10615 | D:11     | 10615 ||| PLANNING LAIR
 10615 | D:11     | 10615 ||| READING 5 scrolls of identify.
 10615 | D:11     | 10615 ||| IDENTIFYING emerald potion
 10616 | D:11     | 10616 ||| READING 4 scrolls of identify.
 10616 | D:11     | 10616 ||| IDENTIFYING lumpy orange potion
 10617 | D:11     | 10617 ||| DROPPING potion of flight.
 10636 | Lair:1   | Entered Level 1 of the Lair of Beasts
 10637 | Lair:1   | 10637 ||| INVOKING Heroism.
 10701 | Lair:1   | 10701 ||| INVOKING Heroism.
 10707 | Lair:1   | Reached skill level 3 in Throwing
 10859 | Lair:1   | 10859 ||| INVOKING Heroism.
 10886 | Lair:1   | Identified the +4 ring mail of Immorality {rCorr Stlth+}
                  | (Okawaru gifted it to you on level 1 of the Lair of Beasts)
 10886 | Lair:1   | Received a gift from Okawaru
 10887 | Lair:1   | Reached XP level 12. HP: 49/75 MP: 19/19
 10888 | Lair:1   | Reached skill level 9 in Fighting
 10992 | Lair:1   | 10992 ||| READING scroll of acquirement.
 10992 | Lair:1   | 10992 ||| ACQUIRING +1 helmet of Words of Power {Dex+4}
 10992 | Lair:1   | Acquired the +1 helmet of Words of Power {Dex+4}
 10994 | Lair:1   | 10994 ||| UPGRADING to +1 helmet of Words of Power {Dex+4}.
 11004 | Lair:1   | 11004 ||| DROPPING +2 helmet.
 11503 | Lair:1   | 11503 ||| READING scroll labelled VUHYKE WOXUULEO.
 11574 | Lair:2   | 11574 ||| Stepping ~*~*~tactically~*~*~ (stealth).
 11575 | Lair:2   | 11575 ||| INVOKING Heroism.
 11594 | Lair:2   | 11594 ||| READING scroll of acquirement.
 11594 | Lair:2   | 11594 ||| ACQUIRING +4 broad axe of freezing
 11594 | Lair:2   | Acquired a +4 broad axe of freezing
 11596 | Lair:2   | 11596 ||| SWAPPING to +4 broad axe of freezing.
 11597 | Lair:2   | 11597 ||| DROPPING +2 war axe of venom.
 11598 | Lair:2   | 11598 ||| READING scroll of enchant weapon.
 11598 | Lair:2   | 11598 ||| ENCHANTING +4 broad axe of freezing.
 11719 | Lair:2   | Identified the +3 scale mail of Fortification {Str+7}
 11825 | Lair:2   | Found a staircase to the Swamp.
 11974 | Lair:2   | Noticed qw's ghost (journeyman GrFi)
 11981 | Lair:2   | 11981 ||| INVOKING Heroism.
 11993 | Lair:2   | Reached skill level 12 in Axes
 12042 | Lair:2   | Found a transporter.
 12042 | Lair:2   | Found a transporter.
 12066 | Lair:2   | 12066 ||| INVOKING Heroism.
 12226 | Lair:2   | Found a bloodstained altar of Trog.
 12487 | Lair:3   | 12487 ||| Stepping ~*~*~tactically~*~*~ (stealth).
 12489 | Lair:3   | 12489 ||| Stepping ~*~*~tactically~*~*~ (stealth).
 12490 | Lair:3   | 12490 ||| Stepping ~*~*~tactically~*~*~ (stealth).
 12498 | Lair:3   | Reached skill level 9 in Armour
 12501 | Lair:3   | 12501 ||| Stepping ~*~*~tactically~*~*~ (stealth).
 12624 | Lair:3   | Found a hole to the Spider Nest.
 12631 | Lair:3   | Reached skill level 6 in Shields
 12693 | Lair:3   | Noticed a six-headed hydra
 12696 | Lair:3   | 12696 ||| INVOKING Heroism.
 12697 | Lair:3   | 12697 ||| INVOKING Finesse.
 12700 | Lair:3   | 12700 ||| Stepping ~*~*~tactically~*~*~ (stealth).
 12701 | Lair:3   | 12701 ||| SWAPPING to +1 demon whip of venom.
 12709 | Lair:3   | 12709 ||| Stepping ~*~*~tactically~*~*~ (outnumbered).
 12712 | Lair:3   | Killed a six-headed hydra
 12713 | Lair:3   | 12713 ||| SWAPPING to +5 broad axe of freezing.
 12766 | Lair:3   | Noticed a seven-headed hydra
 12767 | Lair:3   | 12767 ||| INVOKING Heroism.
 12768 | Lair:3   | 12768 ||| INVOKING Finesse.
 12770 | Lair:3   | 12770 ||| SWAPPING to +1 demon whip of venom.
 12777 | Lair:3   | Killed a seven-headed hydra
 12778 | Lair:3   | 12778 ||| SWAPPING to +5 broad axe of freezing.
 12841 | Lair:3   | 12841 ||| Stepping ~*~*~tactically~*~*~ (hiding).
 12842 | Lair:3   | 12842 ||| Stepping ~*~*~tactically~*~*~ (hiding).
 12893 | Lair:3   | 12893 ||| INVOKING Heroism.
 12904 | Lair:3   | Received a gift from Okawaru
 13020 | Lair:3   | 13020 ||| INVOKING Heroism.
 13408 | Lair:3   | 13408 ||| Stepping ~*~*~tactically~*~*~ (stealth).
 13411 | Lair:3   | 13411 ||| Stepping ~*~*~tactically~*~*~ (stealth).
 13414 | Lair:3   | Reached skill level 13 in Axes
 13483 | Lair:3   | 13483 ||| Stepping ~*~*~tactically~*~*~ (stealth).
 13487 | Lair:3   | 13487 ||| Stepping ~*~*~tactically~*~*~ (stealth).
 13488 | Lair:3   | 13488 ||| Stepping ~*~*~tactically~*~*~ (stealth).
 13491 | Lair:3   | 13491 ||| INVOKING Heroism.
 13816 | Lair:3   | 13816 ||| DROPPING ring of wizardry.
 13859 | Lair:4   | Found a staircase to the Slime Pits.
 13859 | Lair:4   | Found a viscous altar of Jiyva.
 13901 | Lair:4   | 13901 ||| INVOKING Heroism.
 13903 | Lair:4   | Reached XP level 13. HP: 82/82 MP: 17/20
 13911 | Lair:4   | Reached skill level 3 in Dodging
 14426 | Lair:4   | Noticed Sonja
 14427 | Lair:4   | 14427 ||| INVOKING Finesse.
 14443 | Lair:4   | Killed Sonja
 14630 | Lair:4   | Found a runed translucent door.
 14644 | Lair:4   | Noticed qw's ghost (journeyman GrFi)
 14644 | Lair:4   | Identified the +9 trident "Usocw" {pain, *Corrode rC++
                  | Str+4}
 14856 | Lair:4   | 14856 ||| UPGRADING to +0 cloak.
 14861 | Lair:4   | 14861 ||| DROPPING ring "Nuym" {rElec Will+}.
 14862 | Lair:4   | 14862 ||| UPGRADING to +4 ring of protection.
 14864 | Lair:4   | 14864 ||| READING scroll labelled GIAGEN ITIUM ZOSEKH.
 14878 | Lair:5   | Entered Level 5 of the Lair of Beasts
 14878 | Lair:5   | Noticed Snorg
 14879 | Lair:5   | 14879 ||| STAIRDANCE
 14950 | Lair:5   | 14950 ||| STAIRDANCE
 14952 | Lair:4   | 14952 ||| INVOKING Heroism.
 14953 | Lair:4   | 14953 ||| INVOKING Finesse.
 14962 | Lair:4   | Killed Snorg
 15023 | Lair:5   | 15023 ||| STAIRDANCE
 15025 | Lair:4   | 15025 ||| INVOKING Heroism.
 15077 | Lair:5   | 15077 ||| STAIRDANCE
 15079 | Lair:4   | 15079 ||| INVOKING Heroism.
 15191 | Lair:5   | 15191 ||| STAIRDANCE
 15221 | Lair:5   | 15221 ||| STAIRDANCE
 15223 | Lair:4   | 15223 ||| INVOKING Heroism.
 15259 | Lair:5   | 15259 ||| INVOKING Heroism.
 15260 | Lair:5   | 15260 ||| STAIRDANCE
 15322 | Lair:5   | 15322 ||| INVOKING Heroism.
 15384 | Lair:5   | 15384 ||| Stepping ~*~*~tactically~*~*~ (stealth).
 15385 | Lair:5   | 15385 ||| INVOKING Heroism.
 15386 | Lair:5   | 15386 ||| INVOKING Finesse.
 15389 | Lair:5   | 15389 ||| SWAPPING to +1 demon whip of venom.
 15396 | Lair:5   | 15396 ||| SWAPPING to +5 broad axe of freezing.
 15476 | Lair:5   | 15476 ||| INVOKING Heroism.
 15478 | Lair:5   | 15478 ||| INVOKING Finesse.
 15546 | Lair:5   | 15546 ||| INVOKING Heroism.
 15560 | Lair:5   | Received a gift from Okawaru
 15565 | Lair:5   | Reached skill level 14 in Axes
 15680 | Lair:5   | 15680 ||| Stepping ~*~*~tactically~*~*~ (stealth).
 15681 | Lair:5   | 15681 ||| Stepping ~*~*~tactically~*~*~ (stealth).
 15703 | Lair:5   | 15703 ||| INVOKING Heroism.
 15708 | Lair:5   | Received a gift from Okawaru
 15775 | Lair:5   | 15775 ||| INVOKING Heroism.
 15797 | Lair:5   | Identified the +11 scimitar of the Slashing Messenger
                  | {vorpal, rN++ Int+3} (Okawaru gifted it to you on level 5
                  | of the Lair of Beasts)
 15797 | Lair:5   | Received a gift from Okawaru
 15812 | Lair:5   | 15812 ||| Stepping ~*~*~tactically~*~*~ (stealth).
 15819 | Lair:5   | 15819 ||| INVOKING Finesse.
 15823 | Lair:5   | 15823 ||| SWAPPING to +1 demon whip of venom.
 15836 | Lair:5   | 15836 ||| SWAPPING to +5 broad axe of freezing.
 15889 | Lair:5   | 15889 ||| FLEEEEING.
 15890 | Lair:5   | 15890 ||| FLEEEEING.
 15918 | Lair:5   | 15918 ||| FLEEEEING.
 15919 | Lair:5   | 15919 ||| FLEEEEING.
 15921 | Lair:5   | 15921 ||| FLEEEEING.
 15924 | Lair:5   | 15924 ||| FLEEEEING.
 15925 | Lair:5   | 15925 ||| FLEEEEING.
 15926 | Lair:5   | 15926 ||| FLEEEEING.
 15928 | Lair:5   | 15928 ||| FLEEEEING.
 15930 | Lair:5   | 15930 ||| FLEEEEING.
 15931 | Lair:5   | 15931 ||| FLEEEEING.
 15932 | Lair:5   | 15932 ||| FLEEEEING.
 15933 | Lair:5   | 15933 ||| FLEEEEING.
 15934 | Lair:5   | 15934 ||| FLEEEEING.
 15935 | Lair:5   | 15935 ||| FLEEEEING.
 15936 | Lair:5   | 15936 ||| FLEEEEING.
 15937 | Lair:5   | 15937 ||| FLEEEEING.
 15938 | Lair:5   | 15938 ||| FLEEEEING.
 15939 | Lair:5   | 15939 ||| FLEEEEING.
 15940 | Lair:5   | 15940 ||| FLEEEEING.
 15941 | Lair:5   | 15941 ||| FLEEEEING.
 15943 | Lair:5   | 15943 ||| FLEEEEING.
 15945 | Lair:5   | 15945 ||| FLEEEEING.
 15946 | Lair:5   | 15946 ||| FLEEEEING.
 15948 | Lair:5   | 15948 ||| FLEEEEING.
 15949 | Lair:5   | 15949 ||| Stepping ~*~*~tactically~*~*~ (stealth).
 15950 | Lair:5   | 15950 ||| INVOKING Heroism.
 15961 | Lair:5   | 15961 ||| Stepping ~*~*~tactically~*~*~ (stealth).
 15974 | Lair:5   | 15974 ||| Stepping ~*~*~tactically~*~*~ (stealth).
 15975 | Lair:5   | 15975 ||| Stepping ~*~*~tactically~*~*~ (stealth).
 16028 | Lair:5   | Found a runed translucent door.
 16029 | Lair:5   | Noticed an ice dragon
 16030 | Lair:5   | 16030 ||| INVOKING Heroism.
 16059 | Lair:5   | 16059 ||| Stepping ~*~*~tactically~*~*~ (stealth).
 16067 | Lair:5   | 16067 ||| FLEEEEING.
 16068 | Lair:5   | 16068 ||| Stepping ~*~*~tactically~*~*~ (stealth).
 16069 | Lair:5   | 16069 ||| FLEEEEING.
 16070 | Lair:5   | 16070 ||| INVOKING Heroism.
 16100 | Lair:5   | Gained mutation: Your large and strong wings let you fly.
                  | [Gargoyle growth]
 16100 | Lair:5   | Reached XP level 14. HP: 65/90 MP: 21/21
 16161 | Lair:5   | 16161 ||| FLEEEEING.
 16162 | Lair:5   | 16162 ||| FLEEEEING.
 16163 | Lair:5   | 16163 ||| FLEEEEING.
 16164 | Lair:5   | 16164 ||| FLEEEEING.
 16165 | Lair:5   | 16165 ||| FLEEEEING.
 16166 | Lair:5   | 16166 ||| FLEEEEING.
 16167 | Lair:5   | 16167 ||| FLEEEEING.
 16168 | Lair:5   | 16168 ||| FLEEEEING.
 16169 | Lair:5   | 16169 ||| FLEEEEING.
 16170 | Lair:5   | 16170 ||| FLEEEEING.
 16171 | Lair:5   | 16171 ||| FLEEEEING.
 16173 | Lair:5   | 16173 ||| FLEEEEING.
 16174 | Lair:5   | 16174 ||| FLEEEEING.
 16177 | Lair:5   | 16177 ||| INVOKING Heroism.
 16278 | Lair:5   | 16278 ||| FLEEEEING.
 16279 | Lair:5   | 16279 ||| FLEEEEING.
 16281 | Lair:5   | 16281 ||| INVOKING Heroism.
 16462 | Lair:5   | 16462 ||| Stepping ~*~*~tactically~*~*~ (stealth).
 16463 | Lair:5   | 16463 ||| Stepping ~*~*~tactically~*~*~ (stealth).
 16465 | Lair:5   | 16465 ||| INVOKING Heroism.
 16466 | Lair:5   | 16466 ||| SWAPPING to +1 demon whip of venom.
 16467 | Lair:5   | 16467 ||| INVOKING Finesse.
 16468 | Lair:5   | 16468 ||| Stepping ~*~*~tactically~*~*~ (stealth).
 16472 | Lair:5   | 16472 ||| Stepping ~*~*~tactically~*~*~ (outnumbered).
 16473 | Lair:5   | 16473 ||| Stepping ~*~*~tactically~*~*~ (outnumbered).
 16478 | Lair:5   | 16478 ||| SWAPPING to +5 broad axe of freezing.
 16691 | Lair:5   | 16691 ||| Stepping ~*~*~tactically~*~*~ (stealth).
 16695 | Lair:5   | 16695 ||| Stepping ~*~*~tactically~*~*~ (stealth).
 16960 | Lair:5   | 16960 ||| PLANNING D
 16960 | Lair:5   | 16960 ||| DROPPING +6 ring of intelligence.
 17107 | D:12     | Identified the +1 buckler of Oxzegu {*Corrode +Blink rElec
                  | Int+3}
 17146 | D:12     | 17146 ||| FLEEEEING.
 17159 | D:12     | 17159 ||| INVOKING Heroism.
 17162 | D:12     | Reached skill level 6 in Throwing
 17183 | D:12     | Received a gift from Okawaru
 17209 | D:12     | 17209 ||| INVOKING Heroism.
 17218 | D:12     | Reached skill level 15 in Axes
 17397 | D:12     | 17397 ||| Stepping ~*~*~tactically~*~*~ (hiding).
 17433 | D:12     | 17433 ||| READING scroll of enchant armour.
 17433 | D:12     | 17433 ||| ENCHANTING +0 cloak.
 17452 | D:12     | 17452 ||| INVOKING Heroism.
 17491 | D:12     | 17491 ||| Stepping ~*~*~tactically~*~*~ (stealth).
 17503 | D:12     | 17503 ||| FLEEEEING.
 17504 | D:12     | 17504 ||| FLEEEEING.
 17508 | D:12     | 17508 ||| FLEEEEING.
 17510 | D:12     | 17510 ||| FLEEEEING.
 17598 | D:12     | 17598 ||| FLEEEEING.
 17687 | D:12     | Found a staircase to the Orcish Mines.
 17797 | D:12     | 17797 ||| Invisible monster not found???
 17886 | D:12     | Found a runed translucent door.
 17905 | D:12     | Found a runed translucent door.
 17928 | D:12     | Found a runed translucent door.
 17941 | D:12     | Found a runed translucent door.
 18246 | D:12     | 18246 ||| DROPPING +1 buckler of Oxzegu {*Corrode +Blink
                  | rElec Int+3}.
 18247 | D:12     | 18247 ||| UPGRADING to amulet of reflection.
 18257 | D:12     | 18257 ||| DROPPING amulet of the acrobat.
 18279 | D:13     | 18279 ||| PLANNING GAUNTLET
 18281 | D:13     | 18281 ||| STAIRDANCE
 18327 | D:13     | 18327 ||| STAIRDANCE
 18449 | D:13     | 18449 ||| Stepping ~*~*~tactically~*~*~ (stealth).
 18461 | D:13     | 18461 ||| Stepping ~*~*~tactically~*~*~ (stealth).
 18559 | D:13     | 18559 ||| Stepping ~*~*~tactically~*~*~ (hiding).
 18560 | D:13     | 18560 ||| Stepping ~*~*~tactically~*~*~ (hiding).
 18667 | D:13     | 18667 ||| INVOKING Heroism.
 18668 | D:13     | 18668 ||| INVOKING Finesse.
 18758 | D:13     | Received a gift from Okawaru
 18759 | D:13     | Reached skill level 12 in Fighting
 18779 | D:13     | 18779 ||| RIP GAUNTLET
 18780 | D:13     | 18780 ||| PLANNING D
 18860 | D:13     | 18860 ||| INVOKING Heroism.
 18861 | D:13     | 18861 ||| INVOKING Finesse.
 18863 | D:13     | 18863 ||| SWAPPING to +1 demon whip of venom.
 18868 | D:13     | 18868 ||| SWAPPING to +5 broad axe of freezing.
 18989 | D:13     | 18989 ||| INVOKING Heroism.
 18992 | D:13     | 18992 ||| Stepping ~*~*~tactically~*~*~ (stealth).
 19014 | D:13     | 19014 ||| Stepping ~*~*~tactically~*~*~ (stealth).
 19017 | D:13     | 19017 ||| Stepping ~*~*~tactically~*~*~ (stealth).
 19021 | D:13     | Received a gift from Okawaru
 19022 | D:13     | 19022 ||| Stepping ~*~*~tactically~*~*~ (stealth).
 19068 | D:13     | 19068 ||| Stepping ~*~*~tactically~*~*~ (stealth).
 19071 | D:13     | 19071 ||| Stepping ~*~*~tactically~*~*~ (stealth).
 19072 | D:13     | 19072 ||| Stepping ~*~*~tactically~*~*~ (stealth).
 19079 | D:13     | Reached skill level 12 in Armour
 19104 | D:13     | 19104 ||| Stepping ~*~*~tactically~*~*~ (hiding).
 19333 | D:13     | 19333 ||| READING scroll of enchant armour.
 19333 | D:13     | 19333 ||| ENCHANTING +1 cloak.
 19589 | D:13     | 19589 ||| READING 10 scrolls of identify.
 19589 | D:13     | 19589 ||| IDENTIFYING brown potion
 19644 | D:14     | 19644 ||| INVOKING Heroism.
 19675 | D:14     | 19675 ||| Stepping ~*~*~tactically~*~*~ (stealth).
 19686 | D:14     | Reached ****** piety under Okawaru
 19696 | D:14     | 19696 ||| INVOKING Heroism.
 19702 | D:14     | 19702 ||| INVOKING Finesse.
 19861 | D:14     | 19861 ||| INVOKING Heroism.
 19871 | D:14     | Received a gift from Okawaru
 19895 | D:14     | Noticed Agnes
 19896 | D:14     | 19896 ||| INVOKING Finesse.
 19898 | Abyss:3  | Cast into level 3 of the Abyss (Agnes)
 19930 | Abyss:3  | Noticed a starcursed mass
 19937 | Abyss:3  | 19937 ||| INVOKING Heroism.
 19942 | Abyss:3  | Killed a starcursed mass
 19986 | Abyss:3  | Received a gift from Okawaru
 19987 | Abyss:3  | Reached XP level 15. HP: 53/96 MP: 22/22
 19990 | Abyss:3  | Noticed a hellephant
 19991 | Abyss:3  | 19991 ||| Stepping ~*~*~tactically~*~*~ (stealth).
 20025 | Abyss:3  | 20025 ||| INVOKING Heroism.
 20042 | Abyss:3  | HP: 10/96 [hellephant/blast of flame (60)]
 20043 | Abyss:3  | 20043 ||| READING 5 scrolls of teleportation.
 20044 | Abyss:3  | 20044 ||| DRINKING 4 potions of heal wounds.
 20044 | Abyss:3  | Killed from afar by a hellephant

Levels and vault maps discovered:
D:1:      minmay_arrival_cross, layout_loops_ring,
          ebering_ecumenical_altar_rust, minmay_cut_off
D:2:      layout_basic, basic_altar
D:3:      layout_loops_corners, mainiacjoe_overflow_six_doors_small,
          mainiacjoe_overflow_small_starburst, serial_rivers,
          chequers_serial_rivers_micro_d, chequers_serial_rivers_micro_e,
          chequers_serial_rivers_large_b, chequers_serial_rivers_small_3,
          chequers_serial_rivers_marsh, uniq_grinder, uniq_jessica,
          uniq_sigmund, uniq_ijyb, uniq_robin, uniq_crazy_yiuf_cottage
D:4:      layout_basic, led_sif_book, mainiacjoe_overflow_tiny_flanked,
          mainiacjoe_overflow_big_doors, portal_sewer_entry_b, st_stairs_7,
          dk_vineyard_1, grunt_ministairs_8, grunt_decor_junction,
          kennysheep_potato
D:5:      layout_basic, minmay_overflow_temple_star_quad,
          minmay_temple_entry_nine_rooms
D:6:      layout_basic, old_standard_altar, serial_shops, kennysheep_mini_moat,
          shop, uniq_eustachio
D:7:      layout_cave_pools, mainiacjoe_overflow_cross_hatched, serial_shops,
          shop, gammafunk_ghost_necromancy
D:8:      layout_loops_ring, uniq_prince_ribbit1, uniq_amaemon
D:9:      layout_roguey, mainiacjoe_overflow_boulevard
D:10:     layout_long_grid, kb_lookout_dungeons_type
D:11:     layout_roguey, lair_entry_dummy, uniq_urug
D:12:     layout_basic, erik_orc_2, minmay_statue_crystal_thing
D:13:     layout_basic, gauntlet_entry_generic, kennysheep_generic_room_14
D:14:     layout_basic, ximxim_vaults_locker_room, serial_shops, shop,
          dreamdust_wishing_well, uniq_agnes
Lair:1:   layout_cave_pods, infiniplex_staircase_pool, grunt_megastairs_3
Lair:2:   layout_gridlike, swamp_mist, gammafunk_ghost_wrathful_warriors
Lair:3:   layout_concentric_octagons, spider_nest_entry_funnel_web,
          beast_lair_carwin_3
Lair:4:   layout_cave_pods, slime_entry_1, ebering_ghost_funeral_grove,
          uniq_sonja
Lair:5:   wormcave, layout_loops_ring, minivault_27, serial_bayou_ford_a,
          nicolae_lair_liquid_snakes, uniq_snorg
Abyss:3:  base: D:14, evilmike_nicolae_abyss_rune_betentacled_crabyss

Skill      XL: |  1  2  3  4  5  6  7  8  9 10 11 12 13 14 |
---------------+-------------------------------------------+-----
Axes           | 2 3 5 6 8 10 11 13 14 15 | 15.7
Fighting       | 4 5 7 8 10 11 12 | 12.0
Invocations    | 3 4 7 10 | 10.0
Dodging        | 1 2 3 |  3.1
Armour         | 4 5 7 8 9 11 12 | 12.0
Throwing       | 1 3 5 6 |  6.0
Shields        | 4 5 6 7 |  7.5

Action                   |  1- 3 |  4- 6 |  7- 9 | 10-12 | 13-15 || total
-------------------------+-------+-------+-------+-------+-------++-------
Melee: War axe           |    81 |    65 |   248 |       |       ||   394
       Hand axe          |       |       |    57 |   212 |       ||   269
       Broad axe         |       |       |       |   137 |   511 ||   648
       Demon whip        |       |       |       |    15 |    22 ||    37
Throw: Boomerang         |       |       |    14 |    38 |    44 ||    96
       Javelin           |       |       |       |    53 |    68 ||   121
Invok: Heroism           |       |     4 |    18 |    32 |    28 ||    82
       Finesse           |       |       |       |     3 |    10 ||    13
  Use: Scroll            |     6 |     7 |    13 |    12 |     5 ||    43
       Potion            |     1 |     1 |     1 |     1 |     1 ||     5
 Stab: Distracted        |       |       |       |     6 |       ||     6
Armor: Scale mail        |    33 |    28 |       |       |       ||    61
       Chain mail        |       |    16 |   184 |    24 |       ||   224
       Plate armour      |       |       |       |   237 |   257 ||   494
Dodge: Dodged            |    26 |    13 |   108 |   257 |   232 ||   636
Block: Buckler           |    11 |    14 |    53 |   141 |   153 ||   372
       Reflection        |       |       |       |       |     1 ||     1

Table legend:
 A = Non-vault XP
 B = Vault XP
 C = Vault XP percentage of total XP
 D = Non-vault monster count
 E = Vault monster count
 F = Vault count percentage of total count
                 A         B        C        D         E       F
            +---------+---------+-------+---------+---------+-------
      Total |   72104 |   14831 |  17.1 |     400 |      89 |  18.2
            +---------+---------+-------+---------+---------+-------
        D:1 |      22 |       5 |  18.5 |      14 |       3 |  17.6
        D:2 |      52 |       0 |   0.0 |      20 |       0 |   0.0
        D:3 |     109 |     630 |  85.3 |      24 |      16 |  40.0
        D:4 |     570 |     148 |  20.6 |      14 |      11 |  44.0
        D:5 |     820 |       0 |   0.0 |      23 |       0 |   0.0
        D:6 |     965 |     203 |  17.4 |      14 |       1 |   6.7
        D:7 |     714 |     763 |  51.7 |      31 |       1 |   3.1
        D:8 |     620 |     660 |  51.6 |      15 |       2 |  11.8
        D:9 |    1470 |       0 |   0.0 |      20 |       0 |   0.0
       D:10 |    1538 |       0 |   0.0 |      13 |       0 |   0.0
       D:11 |    4404 |     790 |  15.2 |      15 |       1 |   6.2
       D:12 |    7645 |     793 |   9.4 |      30 |      21 |  41.2
       D:13 |    9477 |     830 |   8.1 |      23 |       1 |   4.2
       D:14 |    5583 |       0 |   0.0 |      10 |       0 |   0.0
     Lair:1 |    4731 |     476 |   9.1 |      23 |       1 |   4.2
     Lair:2 |    3830 |       0 |   0.0 |      16 |       0 |   0.0
     Lair:3 |    6873 |    1519 |  18.1 |      27 |       6 |  18.2
     Lair:4 |    4103 |    1752 |  29.9 |      22 |       2 |   8.3
     Lair:5 |   16338 |    6262 |  27.7 |      43 |      23 |  34.8
    Abyss:3 |    2240 |       0 |   0.0 |       3 |       0 |   0.0
            +---------+---------+-------+---------+---------+-------
